%YAML 1.1
%TAG !u! tag:unity3d.com,2011:
--- !u!1 &2906313943685524902
GameObject:
  m_ObjectHideFlags: 0
  m_CorrespondingSourceObject: {fileID: 0}
  m_PrefabInstance: {fileID: 0}
  m_PrefabAsset: {fileID: 0}
  serializedVersion: 6
  m_Component:
  - component: {fileID: 2906313943685524903}
  m_Layer: 0
  m_Name: TwoWaysCubes
  m_TagString: Untagged
  m_Icon: {fileID: 0}
  m_NavMeshLayer: 0
  m_StaticEditorFlags: 0
  m_IsActive: 1
--- !u!4 &2906313943685524903
Transform:
  m_ObjectHideFlags: 0
  m_CorrespondingSourceObject: {fileID: 0}
  m_PrefabInstance: {fileID: 0}
  m_PrefabAsset: {fileID: 0}
  m_GameObject: {fileID: 2906313943685524902}
  m_LocalRotation: {x: -0, y: -0, z: -0, w: 1}
  m_LocalPosition: {x: 0, y: 7, z: 0}
  m_LocalScale: {x: 1, y: 1, z: 1}
  m_Children:
  - {fileID: 2675795952449161751}
  - {fileID: 2675795951689056190}
  - {fileID: 2675795952413415495}
  - {fileID: 2675795951255785591}
  - {fileID: 2675795951655953176}
  - {fileID: 2675795950806711191}
  - {fileID: 2675795951823509809}
  - {fileID: 2675795952302164416}
  m_Father: {fileID: 0}
  m_RootOrder: 0
  m_LocalEulerAnglesHint: {x: 0, y: 0, z: 0}
--- !u!1001 &2906313943141881876
PrefabInstance:
  m_ObjectHideFlags: 0
  serializedVersion: 2
  m_Modification:
    m_TransformParent: {fileID: 2906313943685524903}
    m_Modifications:
    - target: {fileID: 3805486088482251672, guid: 766e636ac73417c469d5b77d0d64c453,
        type: 3}
      propertyPath: m_Name
      value: SoundCube
      objectReference: {fileID: 0}
    - target: {fileID: 970274068699124227, guid: 766e636ac73417c469d5b77d0d64c453,
        type: 3}
      propertyPath: m_LocalPosition.x
      value: 0
      objectReference: {fileID: 0}
    - target: {fileID: 970274068699124227, guid: 766e636ac73417c469d5b77d0d64c453,
        type: 3}
      propertyPath: m_LocalPosition.y
      value: 0
      objectReference: {fileID: 0}
    - target: {fileID: 970274068699124227, guid: 766e636ac73417c469d5b77d0d64c453,
        type: 3}
      propertyPath: m_LocalPosition.z
      value: 0
      objectReference: {fileID: 0}
    - target: {fileID: 970274068699124227, guid: 766e636ac73417c469d5b77d0d64c453,
        type: 3}
      propertyPath: m_LocalRotation.x
      value: 0
      objectReference: {fileID: 0}
    - target: {fileID: 970274068699124227, guid: 766e636ac73417c469d5b77d0d64c453,
        type: 3}
      propertyPath: m_LocalRotation.y
      value: 0
      objectReference: {fileID: 0}
    - target: {fileID: 970274068699124227, guid: 766e636ac73417c469d5b77d0d64c453,
        type: 3}
      propertyPath: m_LocalRotation.z
      value: 0
      objectReference: {fileID: 0}
    - target: {fileID: 970274068699124227, guid: 766e636ac73417c469d5b77d0d64c453,
        type: 3}
      propertyPath: m_LocalRotation.w
      value: 1
      objectReference: {fileID: 0}
    - target: {fileID: 970274068699124227, guid: 766e636ac73417c469d5b77d0d64c453,
        type: 3}
      propertyPath: m_RootOrder
      value: 0
      objectReference: {fileID: 0}
    - target: {fileID: 970274068699124227, guid: 766e636ac73417c469d5b77d0d64c453,
        type: 3}
      propertyPath: m_LocalEulerAnglesHint.x
      value: 0
      objectReference: {fileID: 0}
    - target: {fileID: 970274068699124227, guid: 766e636ac73417c469d5b77d0d64c453,
        type: 3}
      propertyPath: m_LocalEulerAnglesHint.y
      value: 0
      objectReference: {fileID: 0}
    - target: {fileID: 970274068699124227, guid: 766e636ac73417c469d5b77d0d64c453,
        type: 3}
      propertyPath: m_LocalEulerAnglesHint.z
      value: 0
      objectReference: {fileID: 0}
    - target: {fileID: 1356499631501331689, guid: 766e636ac73417c469d5b77d0d64c453,
        type: 3}
      propertyPath: m_Materials.Array.data[0]
      value: 
      objectReference: {fileID: 2100000, guid: 88760806b12ea6e4ba42647eb05a43fe, type: 2}
    m_RemovedComponents: []
  m_SourcePrefab: {fileID: 100100000, guid: 766e636ac73417c469d5b77d0d64c453, type: 3}
--- !u!4 &2675795952449161751 stripped
Transform:
  m_CorrespondingSourceObject: {fileID: 970274068699124227, guid: 766e636ac73417c469d5b77d0d64c453,
    type: 3}
  m_PrefabInstance: {fileID: 2906313943141881876}
  m_PrefabAsset: {fileID: 0}
--- !u!1001 &2906313943172647492
PrefabInstance:
  m_ObjectHideFlags: 0
  serializedVersion: 2
  m_Modification:
    m_TransformParent: {fileID: 2906313943685524903}
    m_Modifications:
    - target: {fileID: 3805486088482251672, guid: 766e636ac73417c469d5b77d0d64c453,
        type: 3}
      propertyPath: m_Name
      value: SoundCube (2)
      objectReference: {fileID: 0}
    - target: {fileID: 970274068699124227, guid: 766e636ac73417c469d5b77d0d64c453,
        type: 3}
      propertyPath: m_LocalPosition.x
      value: 12
      objectReference: {fileID: 0}
    - target: {fileID: 970274068699124227, guid: 766e636ac73417c469d5b77d0d64c453,
        type: 3}
      propertyPath: m_LocalPosition.y
      value: 0
      objectReference: {fileID: 0}
    - target: {fileID: 970274068699124227, guid: 766e636ac73417c469d5b77d0d64c453,
        type: 3}
      propertyPath: m_LocalPosition.z
      value: 0
      objectReference: {fileID: 0}
    - target: {fileID: 970274068699124227, guid: 766e636ac73417c469d5b77d0d64c453,
        type: 3}
      propertyPath: m_LocalRotation.x
      value: 0
      objectReference: {fileID: 0}
    - target: {fileID: 970274068699124227, guid: 766e636ac73417c469d5b77d0d64c453,
        type: 3}
      propertyPath: m_LocalRotation.y
      value: 0
      objectReference: {fileID: 0}
    - target: {fileID: 970274068699124227, guid: 766e636ac73417c469d5b77d0d64c453,
        type: 3}
      propertyPath: m_LocalRotation.z
      value: 0
      objectReference: {fileID: 0}
    - target: {fileID: 970274068699124227, guid: 766e636ac73417c469d5b77d0d64c453,
        type: 3}
      propertyPath: m_LocalRotation.w
      value: 1
      objectReference: {fileID: 0}
    - target: {fileID: 970274068699124227, guid: 766e636ac73417c469d5b77d0d64c453,
        type: 3}
      propertyPath: m_RootOrder
      value: 2
      objectReference: {fileID: 0}
    - target: {fileID: 970274068699124227, guid: 766e636ac73417c469d5b77d0d64c453,
        type: 3}
      propertyPath: m_LocalEulerAnglesHint.x
      value: 0
      objectReference: {fileID: 0}
    - target: {fileID: 970274068699124227, guid: 766e636ac73417c469d5b77d0d64c453,
        type: 3}
      propertyPath: m_LocalEulerAnglesHint.y
      value: 0
      objectReference: {fileID: 0}
    - target: {fileID: 970274068699124227, guid: 766e636ac73417c469d5b77d0d64c453,
        type: 3}
      propertyPath: m_LocalEulerAnglesHint.z
      value: 0
      objectReference: {fileID: 0}
    - target: {fileID: 1356499631501331689, guid: 766e636ac73417c469d5b77d0d64c453,
        type: 3}
      propertyPath: m_Materials.Array.data[0]
      value: 
      objectReference: {fileID: 2100000, guid: 88760806b12ea6e4ba42647eb05a43fe, type: 2}
    - target: {fileID: 7466965640711871570, guid: 766e636ac73417c469d5b77d0d64c453,
        type: 3}
      propertyPath: _band
      value: 2
      objectReference: {fileID: 0}
    m_RemovedComponents: []
  m_SourcePrefab: {fileID: 100100000, guid: 766e636ac73417c469d5b77d0d64c453, type: 3}
--- !u!4 &2675795952413415495 stripped
Transform:
  m_CorrespondingSourceObject: {fileID: 970274068699124227, guid: 766e636ac73417c469d5b77d0d64c453,
    type: 3}
  m_PrefabInstance: {fileID: 2906313943172647492}
  m_PrefabAsset: {fileID: 0}
--- !u!1001 &2906313943833353155
PrefabInstance:
  m_ObjectHideFlags: 0
  serializedVersion: 2
  m_Modification:
    m_TransformParent: {fileID: 2906313943685524903}
    m_Modifications:
    - target: {fileID: 3805486088482251672, guid: 766e636ac73417c469d5b77d0d64c453,
        type: 3}
      propertyPath: m_Name
      value: SoundCube (7)
      objectReference: {fileID: 0}
    - target: {fileID: 970274068699124227, guid: 766e636ac73417c469d5b77d0d64c453,
        type: 3}
      propertyPath: m_LocalPosition.x
      value: 42
      objectReference: {fileID: 0}
    - target: {fileID: 970274068699124227, guid: 766e636ac73417c469d5b77d0d64c453,
        type: 3}
      propertyPath: m_LocalPosition.y
      value: 0
      objectReference: {fileID: 0}
    - target: {fileID: 970274068699124227, guid: 766e636ac73417c469d5b77d0d64c453,
        type: 3}
      propertyPath: m_LocalPosition.z
      value: 0
      objectReference: {fileID: 0}
    - target: {fileID: 970274068699124227, guid: 766e636ac73417c469d5b77d0d64c453,
        type: 3}
      propertyPath: m_LocalRotation.x
      value: 0
      objectReference: {fileID: 0}
    - target: {fileID: 970274068699124227, guid: 766e636ac73417c469d5b77d0d64c453,
        type: 3}
      propertyPath: m_LocalRotation.y
      value: 0
      objectReference: {fileID: 0}
    - target: {fileID: 970274068699124227, guid: 766e636ac73417c469d5b77d0d64c453,
        type: 3}
      propertyPath: m_LocalRotation.z
      value: 0
      objectReference: {fileID: 0}
    - target: {fileID: 970274068699124227, guid: 766e636ac73417c469d5b77d0d64c453,
        type: 3}
      propertyPath: m_LocalRotation.w
      value: 1
      objectReference: {fileID: 0}
    - target: {fileID: 970274068699124227, guid: 766e636ac73417c469d5b77d0d64c453,
        type: 3}
      propertyPath: m_RootOrder
      value: 7
      objectReference: {fileID: 0}
    - target: {fileID: 970274068699124227, guid: 766e636ac73417c469d5b77d0d64c453,
        type: 3}
      propertyPath: m_LocalEulerAnglesHint.x
      value: 0
      objectReference: {fileID: 0}
    - target: {fileID: 970274068699124227, guid: 766e636ac73417c469d5b77d0d64c453,
        type: 3}
      propertyPath: m_LocalEulerAnglesHint.y
      value: 0
      objectReference: {fileID: 0}
    - target: {fileID: 970274068699124227, guid: 766e636ac73417c469d5b77d0d64c453,
        type: 3}
      propertyPath: m_LocalEulerAnglesHint.z
      value: 0
      objectReference: {fileID: 0}
    - target: {fileID: 1356499631501331689, guid: 766e636ac73417c469d5b77d0d64c453,
        type: 3}
      propertyPath: m_Materials.Array.data[0]
      value: 
      objectReference: {fileID: 2100000, guid: 88760806b12ea6e4ba42647eb05a43fe, type: 2}
    - target: {fileID: 7466965640711871570, guid: 766e636ac73417c469d5b77d0d64c453,
        type: 3}
      propertyPath: _band
      value: 7
      objectReference: {fileID: 0}
    m_RemovedComponents: []
  m_SourcePrefab: {fileID: 100100000, guid: 766e636ac73417c469d5b77d0d64c453, type: 3}
--- !u!4 &2675795952302164416 stripped
Transform:
  m_CorrespondingSourceObject: {fileID: 970274068699124227, guid: 766e636ac73417c469d5b77d0d64c453,
    type: 3}
  m_PrefabInstance: {fileID: 2906313943833353155}
  m_PrefabAsset: {fileID: 0}
--- !u!1001 &2906313944308894514
PrefabInstance:
  m_ObjectHideFlags: 0
  serializedVersion: 2
  m_Modification:
    m_TransformParent: {fileID: 2906313943685524903}
    m_Modifications:
    - target: {fileID: 3805486088482251672, guid: 766e636ac73417c469d5b77d0d64c453,
        type: 3}
      propertyPath: m_Name
      value: SoundCube (6)
      objectReference: {fileID: 0}
    - target: {fileID: 970274068699124227, guid: 766e636ac73417c469d5b77d0d64c453,
        type: 3}
      propertyPath: m_LocalPosition.x
      value: 36
      objectReference: {fileID: 0}
    - target: {fileID: 970274068699124227, guid: 766e636ac73417c469d5b77d0d64c453,
        type: 3}
      propertyPath: m_LocalPosition.y
      value: 0
      objectReference: {fileID: 0}
    - target: {fileID: 970274068699124227, guid: 766e636ac73417c469d5b77d0d64c453,
        type: 3}
      propertyPath: m_LocalPosition.z
      value: 0
      objectReference: {fileID: 0}
    - target: {fileID: 970274068699124227, guid: 766e636ac73417c469d5b77d0d64c453,
        type: 3}
      propertyPath: m_LocalRotation.x
      value: 0
      objectReference: {fileID: 0}
    - target: {fileID: 970274068699124227, guid: 766e636ac73417c469d5b77d0d64c453,
        type: 3}
      propertyPath: m_LocalRotation.y
      value: 0
      objectReference: {fileID: 0}
    - target: {fileID: 970274068699124227, guid: 766e636ac73417c469d5b77d0d64c453,
        type: 3}
      propertyPath: m_LocalRotation.z
      value: 0
      objectReference: {fileID: 0}
    - target: {fileID: 970274068699124227, guid: 766e636ac73417c469d5b77d0d64c453,
        type: 3}
      propertyPath: m_LocalRotation.w
      value: 1
      objectReference: {fileID: 0}
    - target: {fileID: 970274068699124227, guid: 766e636ac73417c469d5b77d0d64c453,
        type: 3}
      propertyPath: m_RootOrder
      value: 6
      objectReference: {fileID: 0}
    - target: {fileID: 970274068699124227, guid: 766e636ac73417c469d5b77d0d64c453,
        type: 3}
      propertyPath: m_LocalEulerAnglesHint.x
      value: 0
      objectReference: {fileID: 0}
    - target: {fileID: 970274068699124227, guid: 766e636ac73417c469d5b77d0d64c453,
        type: 3}
      propertyPath: m_LocalEulerAnglesHint.y
      value: 0
      objectReference: {fileID: 0}
    - target: {fileID: 970274068699124227, guid: 766e636ac73417c469d5b77d0d64c453,
        type: 3}
      propertyPath: m_LocalEulerAnglesHint.z
      value: 0
      objectReference: {fileID: 0}
    - target: {fileID: 1356499631501331689, guid: 766e636ac73417c469d5b77d0d64c453,
        type: 3}
      propertyPath: m_Materials.Array.data[0]
      value: 
      objectReference: {fileID: 2100000, guid: 88760806b12ea6e4ba42647eb05a43fe, type: 2}
    - target: {fileID: 7466965640711871570, guid: 766e636ac73417c469d5b77d0d64c453,
        type: 3}
      propertyPath: _band
      value: 6
      objectReference: {fileID: 0}
    m_RemovedComponents: []
  m_SourcePrefab: {fileID: 100100000, guid: 766e636ac73417c469d5b77d0d64c453, type: 3}
--- !u!4 &2675795951823509809 stripped
Transform:
  m_CorrespondingSourceObject: {fileID: 970274068699124227, guid: 766e636ac73417c469d5b77d0d64c453,
    type: 3}
  m_PrefabInstance: {fileID: 2906313944308894514}
  m_PrefabAsset: {fileID: 0}
--- !u!1001 &2906313944443334077
PrefabInstance:
  m_ObjectHideFlags: 0
  serializedVersion: 2
  m_Modification:
    m_TransformParent: {fileID: 2906313943685524903}
    m_Modifications:
    - target: {fileID: 3805486088482251672, guid: 766e636ac73417c469d5b77d0d64c453,
        type: 3}
      propertyPath: m_Name
      value: SoundCube (1)
      objectReference: {fileID: 0}
    - target: {fileID: 970274068699124227, guid: 766e636ac73417c469d5b77d0d64c453,
        type: 3}
      propertyPath: m_LocalPosition.x
      value: 6
      objectReference: {fileID: 0}
    - target: {fileID: 970274068699124227, guid: 766e636ac73417c469d5b77d0d64c453,
        type: 3}
      propertyPath: m_LocalPosition.y
      value: 0
      objectReference: {fileID: 0}
    - target: {fileID: 970274068699124227, guid: 766e636ac73417c469d5b77d0d64c453,
        type: 3}
      propertyPath: m_LocalPosition.z
      value: 0
      objectReference: {fileID: 0}
    - target: {fileID: 970274068699124227, guid: 766e636ac73417c469d5b77d0d64c453,
        type: 3}
      propertyPath: m_LocalRotation.x
      value: 0
      objectReference: {fileID: 0}
    - target: {fileID: 970274068699124227, guid: 766e636ac73417c469d5b77d0d64c453,
        type: 3}
      propertyPath: m_LocalRotation.y
      value: 0
      objectReference: {fileID: 0}
    - target: {fileID: 970274068699124227, guid: 766e636ac73417c469d5b77d0d64c453,
        type: 3}
      propertyPath: m_LocalRotation.z
      value: 0
      objectReference: {fileID: 0}
    - target: {fileID: 970274068699124227, guid: 766e636ac73417c469d5b77d0d64c453,
        type: 3}
      propertyPath: m_LocalRotation.w
      value: 1
      objectReference: {fileID: 0}
    - target: {fileID: 970274068699124227, guid: 766e636ac73417c469d5b77d0d64c453,
        type: 3}
      propertyPath: m_RootOrder
      value: 1
      objectReference: {fileID: 0}
    - target: {fileID: 970274068699124227, guid: 766e636ac73417c469d5b77d0d64c453,
        type: 3}
      propertyPath: m_LocalEulerAnglesHint.x
      value: 0
      objectReference: {fileID: 0}
    - target: {fileID: 970274068699124227, guid: 766e636ac73417c469d5b77d0d64c453,
        type: 3}
      propertyPath: m_LocalEulerAnglesHint.y
      value: 0
      objectReference: {fileID: 0}
    - target: {fileID: 970274068699124227, guid: 766e636ac73417c469d5b77d0d64c453,
        type: 3}
      propertyPath: m_LocalEulerAnglesHint.z
      value: 0
      objectReference: {fileID: 0}
    - target: {fileID: 1356499631501331689, guid: 766e636ac73417c469d5b77d0d64c453,
        type: 3}
      propertyPath: m_Materials.Array.data[0]
      value: 
      objectReference: {fileID: 2100000, guid: 88760806b12ea6e4ba42647eb05a43fe, type: 2}
    - target: {fileID: 7466965640711871570, guid: 766e636ac73417c469d5b77d0d64c453,
        type: 3}
      propertyPath: _band
      value: 1
      objectReference: {fileID: 0}
    m_RemovedComponents: []
  m_SourcePrefab: {fileID: 100100000, guid: 766e636ac73417c469d5b77d0d64c453, type: 3}
--- !u!4 &2675795951689056190 stripped
Transform:
  m_CorrespondingSourceObject: {fileID: 970274068699124227, guid: 766e636ac73417c469d5b77d0d64c453,
    type: 3}
  m_PrefabInstance: {fileID: 2906313944443334077}
  m_PrefabAsset: {fileID: 0}
--- !u!1001 &2906313944479314203
PrefabInstance:
  m_ObjectHideFlags: 0
  serializedVersion: 2
  m_Modification:
    m_TransformParent: {fileID: 2906313943685524903}
    m_Modifications:
    - target: {fileID: 3805486088482251672, guid: 766e636ac73417c469d5b77d0d64c453,
        type: 3}
      propertyPath: m_Name
      value: SoundCube (4)
      objectReference: {fileID: 0}
    - target: {fileID: 970274068699124227, guid: 766e636ac73417c469d5b77d0d64c453,
        type: 3}
      propertyPath: m_LocalPosition.x
      value: 24
      objectReference: {fileID: 0}
    - target: {fileID: 970274068699124227, guid: 766e636ac73417c469d5b77d0d64c453,
        type: 3}
      propertyPath: m_LocalPosition.y
      value: 0
      objectReference: {fileID: 0}
    - target: {fileID: 970274068699124227, guid: 766e636ac73417c469d5b77d0d64c453,
        type: 3}
      propertyPath: m_LocalPosition.z
      value: 0
      objectReference: {fileID: 0}
    - target: {fileID: 970274068699124227, guid: 766e636ac73417c469d5b77d0d64c453,
        type: 3}
      propertyPath: m_LocalRotation.x
      value: 0
      objectReference: {fileID: 0}
    - target: {fileID: 970274068699124227, guid: 766e636ac73417c469d5b77d0d64c453,
        type: 3}
      propertyPath: m_LocalRotation.y
      value: 0
      objectReference: {fileID: 0}
    - target: {fileID: 970274068699124227, guid: 766e636ac73417c469d5b77d0d64c453,
        type: 3}
      propertyPath: m_LocalRotation.z
      value: 0
      objectReference: {fileID: 0}
    - target: {fileID: 970274068699124227, guid: 766e636ac73417c469d5b77d0d64c453,
        type: 3}
      propertyPath: m_LocalRotation.w
      value: 1
      objectReference: {fileID: 0}
    - target: {fileID: 970274068699124227, guid: 766e636ac73417c469d5b77d0d64c453,
        type: 3}
      propertyPath: m_RootOrder
      value: 4
      objectReference: {fileID: 0}
    - target: {fileID: 970274068699124227, guid: 766e636ac73417c469d5b77d0d64c453,
        type: 3}
      propertyPath: m_LocalEulerAnglesHint.x
      value: 0
      objectReference: {fileID: 0}
    - target: {fileID: 970274068699124227, guid: 766e636ac73417c469d5b77d0d64c453,
        type: 3}
      propertyPath: m_LocalEulerAnglesHint.y
      value: 0
      objectReference: {fileID: 0}
    - target: {fileID: 970274068699124227, guid: 766e636ac73417c469d5b77d0d64c453,
        type: 3}
      propertyPath: m_LocalEulerAnglesHint.z
      value: 0
      objectReference: {fileID: 0}
    - target: {fileID: 1356499631501331689, guid: 766e636ac73417c469d5b77d0d64c453,
        type: 3}
      propertyPath: m_Materials.Array.data[0]
      value: 
      objectReference: {fileID: 2100000, guid: 88760806b12ea6e4ba42647eb05a43fe, type: 2}
    - target: {fileID: 7466965640711871570, guid: 766e636ac73417c469d5b77d0d64c453,
        type: 3}
      propertyPath: _band
      value: 4
      objectReference: {fileID: 0}
    m_RemovedComponents: []
  m_SourcePrefab: {fileID: 100100000, guid: 766e636ac73417c469d5b77d0d64c453, type: 3}
--- !u!4 &2675795951655953176 stripped
Transform:
  m_CorrespondingSourceObject: {fileID: 970274068699124227, guid: 766e636ac73417c469d5b77d0d64c453,
    type: 3}
  m_PrefabInstance: {fileID: 2906313944479314203}
  m_PrefabAsset: {fileID: 0}
--- !u!1001 &2906313944787757460
PrefabInstance:
  m_ObjectHideFlags: 0
  serializedVersion: 2
  m_Modification:
    m_TransformParent: {fileID: 2906313943685524903}
    m_Modifications:
    - target: {fileID: 3805486088482251672, guid: 766e636ac73417c469d5b77d0d64c453,
        type: 3}
      propertyPath: m_Name
      value: SoundCube (5)
      objectReference: {fileID: 0}
    - target: {fileID: 970274068699124227, guid: 766e636ac73417c469d5b77d0d64c453,
        type: 3}
      propertyPath: m_LocalPosition.x
      value: 30
      objectReference: {fileID: 0}
    - target: {fileID: 970274068699124227, guid: 766e636ac73417c469d5b77d0d64c453,
        type: 3}
      propertyPath: m_LocalPosition.y
      value: 0
      objectReference: {fileID: 0}
    - target: {fileID: 970274068699124227, guid: 766e636ac73417c469d5b77d0d64c453,
        type: 3}
      propertyPath: m_LocalPosition.z
      value: 0
      objectReference: {fileID: 0}
    - target: {fileID: 970274068699124227, guid: 766e636ac73417c469d5b77d0d64c453,
        type: 3}
      propertyPath: m_LocalRotation.x
      value: 0
      objectReference: {fileID: 0}
    - target: {fileID: 970274068699124227, guid: 766e636ac73417c469d5b77d0d64c453,
        type: 3}
      propertyPath: m_LocalRotation.y
      value: 0
      objectReference: {fileID: 0}
    - target: {fileID: 970274068699124227, guid: 766e636ac73417c469d5b77d0d64c453,
        type: 3}
      propertyPath: m_LocalRotation.z
      value: 0
      objectReference: {fileID: 0}
    - target: {fileID: 970274068699124227, guid: 766e636ac73417c469d5b77d0d64c453,
        type: 3}
      propertyPath: m_LocalRotation.w
      value: 1
      objectReference: {fileID: 0}
    - target: {fileID: 970274068699124227, guid: 766e636ac73417c469d5b77d0d64c453,
        type: 3}
      propertyPath: m_RootOrder
      value: 5
      objectReference: {fileID: 0}
    - target: {fileID: 970274068699124227, guid: 766e636ac73417c469d5b77d0d64c453,
        type: 3}
      propertyPath: m_LocalEulerAnglesHint.x
      value: 0
      objectReference: {fileID: 0}
    - target: {fileID: 970274068699124227, guid: 766e636ac73417c469d5b77d0d64c453,
        type: 3}
      propertyPath: m_LocalEulerAnglesHint.y
      value: 0
      objectReference: {fileID: 0}
    - target: {fileID: 970274068699124227, guid: 766e636ac73417c469d5b77d0d64c453,
        type: 3}
      propertyPath: m_LocalEulerAnglesHint.z
      value: 0
      objectReference: {fileID: 0}
    - target: {fileID: 1356499631501331689, guid: 766e636ac73417c469d5b77d0d64c453,
        type: 3}
      propertyPath: m_Materials.Array.data[0]
      value: 
      objectReference: {fileID: 2100000, guid: 88760806b12ea6e4ba42647eb05a43fe, type: 2}
    - target: {fileID: 7466965640711871570, guid: 766e636ac73417c469d5b77d0d64c453,
        type: 3}
      propertyPath: _band
      value: 5
      objectReference: {fileID: 0}
    m_RemovedComponents: []
  m_SourcePrefab: {fileID: 100100000, guid: 766e636ac73417c469d5b77d0d64c453, type: 3}
--- !u!4 &2675795950806711191 stripped
Transform:
  m_CorrespondingSourceObject: {fileID: 970274068699124227, guid: 766e636ac73417c469d5b77d0d64c453,
    type: 3}
  m_PrefabInstance: {fileID: 2906313944787757460}
  m_PrefabAsset: {fileID: 0}
--- !u!1001 &2906313944867144308
PrefabInstance:
  m_ObjectHideFlags: 0
  serializedVersion: 2
  m_Modification:
    m_TransformParent: {fileID: 2906313943685524903}
    m_Modifications:
    - target: {fileID: 3805486088482251672, guid: 766e636ac73417c469d5b77d0d64c453,
        type: 3}
      propertyPath: m_Name
      value: SoundCube (3)
      objectReference: {fileID: 0}
    - target: {fileID: 970274068699124227, guid: 766e636ac73417c469d5b77d0d64c453,
        type: 3}
      propertyPath: m_LocalPosition.x
      value: 18
      objectReference: {fileID: 0}
    - target: {fileID: 970274068699124227, guid: 766e636ac73417c469d5b77d0d64c453,
        type: 3}
      propertyPath: m_LocalPosition.y
      value: 0
      objectReference: {fileID: 0}
    - target: {fileID: 970274068699124227, guid: 766e636ac73417c469d5b77d0d64c453,
        type: 3}
      propertyPath: m_LocalPosition.z
      value: 0
      objectReference: {fileID: 0}
    - target: {fileID: 970274068699124227, guid: 766e636ac73417c469d5b77d0d64c453,
        type: 3}
      propertyPath: m_LocalRotation.x
      value: 0
      objectReference: {fileID: 0}
    - target: {fileID: 970274068699124227, guid: 766e636ac73417c469d5b77d0d64c453,
        type: 3}
      propertyPath: m_LocalRotation.y
      value: 0
      objectReference: {fileID: 0}
    - target: {fileID: 970274068699124227, guid: 766e636ac73417c469d5b77d0d64c453,
        type: 3}
      propertyPath: m_LocalRotation.z
      value: 0
      objectReference: {fileID: 0}
    - target: {fileID: 970274068699124227, guid: 766e636ac73417c469d5b77d0d64c453,
        type: 3}
      propertyPath: m_LocalRotation.w
      value: 1
      objectReference: {fileID: 0}
    - target: {fileID: 970274068699124227, guid: 766e636ac73417c469d5b77d0d64c453,
        type: 3}
      propertyPath: m_RootOrder
      value: 3
      objectReference: {fileID: 0}
    - target: {fileID: 970274068699124227, guid: 766e636ac73417c469d5b77d0d64c453,
        type: 3}
      propertyPath: m_LocalEulerAnglesHint.x
      value: 0
      objectReference: {fileID: 0}
    - target: {fileID: 970274068699124227, guid: 766e636ac73417c469d5b77d0d64c453,
        type: 3}
      propertyPath: m_LocalEulerAnglesHint.y
      value: 0
      objectReference: {fileID: 0}
    - target: {fileID: 970274068699124227, guid: 766e636ac73417c469d5b77d0d64c453,
        type: 3}
      propertyPath: m_LocalEulerAnglesHint.z
      value: 0
      objectReference: {fileID: 0}
    - target: {fileID: 1356499631501331689, guid: 766e636ac73417c469d5b77d0d64c453,
        type: 3}
      propertyPath: m_Materials.Array.data[0]
      value: 
      objectReference: {fileID: 2100000, guid: 88760806b12ea6e4ba42647eb05a43fe, type: 2}
    - target: {fileID: 7466965640711871570, guid: 766e636ac73417c469d5b77d0d64c453,
        type: 3}
      propertyPath: _band
      value: 3
      objectReference: {fileID: 0}
    m_RemovedComponents: []
  m_SourcePrefab: {fileID: 100100000, guid: 766e636ac73417c469d5b77d0d64c453, type: 3}
--- !u!4 &2675795951255785591 stripped
Transform:
  m_CorrespondingSourceObject: {fileID: 970274068699124227, guid: 766e636ac73417c469d5b77d0d64c453,
    type: 3}
  m_PrefabInstance: {fileID: 2906313944867144308}
  m_PrefabAsset: {fileID: 0}
